[Event "Early-Titled-Tuesday-Blitz-November-28-2023"]
[Site "Chess.com"]
[Date "2023.11.28"]
[Round "5"]
[White "DanylaBagrov"]
[Black "GrumbleBruno"]
[Result "1-0"]
[WhiteElo "2579"]
[BlackElo "2413"]
[TimeControl "180+1"]
[EndTime "8:56:48 PST"]
[Termination "DanylaBagrov won on time"]

1. e4 e5 2. Nf3 d5 3. exd5 e4 4. Qe2 Nf6 5. Nc3 Be7 6. Nxe4 Nxd5 7. d3 O-O 8. Qd1 f5 9. Nc3 Nxc3 10. bxc3 Bf6 11.
d4 Re8+ 12. Be2 Qe7 13. Be3 Kh8 14. Qd2 Bd7 15. h4 Nc6 16. Bg5 Rad8 17. Kf1 b6 18.
Bd3 Na5 19. Qf4 Qa3 20. Bxf6 gxf6 21. Qh6 Rf8 22. Re1 Qxc3 23. Re7 1-0

[Event "Early-Titled-Tuesday-Blitz-November-28-2023"]
[Site "Chess.com"]
[Date "2023.11.28"]
[Round "5"]
[White "JSPrepz"]
[Black "vladgoncharov"]
[Result "1-0"]
[WhiteElo "2839"]
[BlackElo "2624"]
[TimeControl "180+1"]
[EndTime "8:56:51 PST"]
[Termination "JSPrepz won on time"]

1. e4 e6 2. d4 d5 3. e5 c5 4. c3 Nc6 5. Nf3 Nge7 6. dxc5 Ng6 7. Bb5 Bxc5 8. O-O O-O 9. Qe2 Bd7 10. Bd3 a6 11. Re1 b5 12. Bg5 Be7 13. Bxe7 Qxe7 14. Bxg6 fxg6 15. Nbd2 g5 16. Qe3 h6 17. h3 Qf7 18.
Nb3 Ne7 19. Nc5 Nf5 20. Qd3 Bc6 21. Re2 b4 22. Nxa6 bxc3 23. Nb4 cxb2 24. Rxb2 Bb7 25. a4 Ra5 26. Nd4 Nxd4 27. Qxd4 Rfa8 28. Nd3 Bc6 29.
Nc5 Be8 30. Rb7 Qf5 31. g4 Qg6 32. Rab1 Bxa4 33. R1b6 Qe8 34. Nxe6 Bd7 35. Nxg7 Qc8 36. Nf5 1-0

[Event "Early-Titled-Tuesday-Blitz-November-28-2023"]
[Site "Chess.com"]
[Date "2023.11.28"]
[Round "5"]
[White "Grischuk"]
[Black "Sadykov_Ramil"]
[Result "1-0"]
[WhiteElo "3050"]
[BlackElo "2702"]
[TimeControl "180+1"]
[EndTime "8:56:52 PST"]
[Termination "Grischuk won by resignation"]

1. d4 d5 2. Nf3 Nf6 3. Bg5 Ne4 4. Bh4 Nd7 5. e3 Ndf6 6. c4 e6 7. Nc3 Be7 8. Bd3 Nxc3 9. bxc3 dxc4 10. Bxc4 O-O 11.
Bd3 c5 12. O-O b6 13. a4 Bb7 14. a5 h6 15. Qb3 Bxf3 16. gxf3 Nd5 17. Bg3 Bd6 18.
axb6 Nxb6 19. Be4 c4 20. Qb5 Nd5 21. Bxd5 exd5 22. Rfb1 Bxg3 23. hxg3 Qd7 24. Qxd7 1-0

[Event "Early-Titled-Tuesday-Blitz-November-28-2023"]
[Site "Chess.com"]
[Date "2023.11.28"]
[Round "5"]
[White "campochess"]
[Black "Shivananda1964"]
[Result "0-1"]
[WhiteElo "2231"]
[BlackElo "2406"]
[TimeControl "180+1"]
[EndTime "8:56:55 PST"]
[Termination "Shivananda1964 won by resignation"]

1. d4 Nf6 2. Bg5 d5 3. Nd2 e6 4. e3 c5 5. c3 Nc6 6. Bd3 Be7 7. Ngf3 Nd7 8. Bf4 O-O 9. O-O g6 10. a3 Re8 11. b4 cxd4 12. cxd4 a5 13. b5 Na7 14.
Qb3 Nb6 15. Rfc1 a4 16. Qb1 Bd6 17. Bg5 f6 18. Bh4 Qe7 19. Bg3 Bd7 20. Qa2 Rac8 21.
e4 Bxb5 22. Bxb5 Nxb5 23. e5 Bxa3 24. exf6 Qxf6 25. Rxc8 Rxc8 26. Qb1 Rc1+ 27. Qxc1 Bxc1 28. Rxc1 Nxd4 29. Be5 Ne2+ 30. Kf1 Qxe5 31. Nxe5 Nxc1 32. Nb1 Nc4 33. Nxc4 dxc4 34. Na3 Nb3 35. Ke2 Nd4+ 36. Kd2 b5 37. Kc3 e5 38. Kb4 Kf7 39. Nb1 Ke6 40. Nc3 Kd6 41. Ne4+ Kc6 42. Nc3 Nc2+ 43. Ka5 a3 44. Na2 b4 0-1

[Event "Early-Titled-Tuesday-Blitz-November-28-2023"]
[Site "Chess.com"]
[Date "2023.11.28"]
[Round "5"]
[White "The_Sherman_Variation"]
[Black "Anton_Demchenko"]
[Result "0-1"]
[WhiteElo "2518"]
[BlackElo "2954"]
[TimeControl "180+1"]
[EndTime "8:56:56 PST"]
[Termination "Anton_Demchenko won by resignation"]

1. d4 Nf6 2. c4 g6 3. Nc3 Bg7 4. e4 d6 5. Be2 O-O 6. Be3 Na6 7. h4 h5 8. Nh3 c6 9. Ng5 Nc7 10. f3 b5 11. e5 b4 12. exf6 exf6 13. Nge4 bxc3 14.
Nxc3 Re8 15. Qd2 f5 16. Kf2 Rb8 17. Rad1 d5 18. c5 Ne6 19. g3 Rb4 20. a3 Rxd4 21.
Bxd4 Bxd4+ 22. Kg2 f4 23. Rhe1 fxg3 24. Bd3 Qxh4 25.
Rh1 Nf4+ 0-1

[Event "Early-Titled-Tuesday-Blitz-November-28-2023"]
[Site "Chess.com"]
[Date "2023.11.28"]
[Round "5"]
[White "EvgenyBurmakin"]
[Black "djano"]
[Result "0-1"]
[WhiteElo "2403"]
[BlackElo "2571"]
[TimeControl "180+1"]
[EndTime "8:56:58 PST"]
[Termination "djano won by resignation"]

1. e4 c5 2. Nc3 Nc6 3. Bb5 Qa5 4. Bxc6 bxc6 5. f4 g6 6. Nf3 Ba6 7. d3 Bg7 8. Bd2 c4 9. d4 Qb6 10. Na4 Qb5 11. Nc5 Nf6 12. Nxa6 Qxa6 13. Qe2 Qb5 14.
Bc3 d5 15. Nd2 O-O 16. e5 Nh5 17. Qf3 f6 18. g4 Nxf4 19. Qxf4 fxe5 20. Qe3 exd4 21.
Bxd4 e5 22. Bxe5 Bxe5 23. Nf3 Bxb2 24. O-O Rae8 25. Qh6 Bxa1 26. Ng5 Qc5+ 27. Kg2 Re2+ 28. Kg3 Qe3+ 29. Rf3 Be5+ 0-1

[Event "Early-Titled-Tuesday-Blitz-November-28-2023"]
[Site "Chess.com"]
[Date "2023.11.28"]
[Round "5"]
[White "Matols"]
[Black "KononenkoD"]
[Result "0-1"]
[WhiteElo "2347"]
[BlackElo "2513"]
[TimeControl "180+1"]
[EndTime "8:56:58 PST"]
[Termination "KononenkoD won by resignation"]

1. d4 Nf6 2. c4 c5 3. d5 b5 4. cxb5 a6 5. bxa6 g6 6. Nc3 Bg7 7. Nf3 O-O 8. g3 e6 9. Bg2 Rxa6 10. O-O Bb7 11. e4 exd5 12. e5 Ng4 13. Nxd5 Nxe5 14.
Bg5 Nxf3+ 15. Bxf3 Qxg5 16. h4 Qd8 17. Re1 Bxd5 18. Bxd5 Bxb2 19. Rb1 Bd4 20. h5 Qg5 21. Qf3 Qxh5 22. Rxb8 Qxf3 23. Rxf8+ Kxf8 24. Bxf3 Rxa2 25. Re2 Ra1+ 26. Kg2 c4 27. Bd5 c3 28. Kf3 Ra5 29. Bb3 Rb5 30. Bc2 Bb6 31. Ke4 d5+ 32. Kd3 d4 33. g4 h5 34. f3 Rg5 35. gxh5 gxh5 36. Ba4 Rg3 37. Bc6 h4 38. Rh2 h3 39. Ke4 Rg2 40.
Rxh3 c2 41. Rh1 Bc5 42. Kd3 Ba3 43. f4 Rf2 0-1

[Event "Early-Titled-Tuesday-Blitz-November-28-2023"]
[Site "Chess.com"]
[Date "2023.11.28"]
[Round "5"]
[White "vugarrasulov"]
[Black "Nikolakis2014"]
[Result "1-0"]
[WhiteElo "2925"]
[BlackElo "2780"]
[TimeControl "180+1"]
[EndTime "8:56:59 PST"]
[Termination "vugarrasulov won by resignation"]

1. e4 c5 2. Nf3 d6 3. d4 cxd4 4.
Qxd4 Nc6 5. Qe3 Nf6 6. h3 g6 7. c4 Bg7 8. Nc3 O-O 9. Be2 Be6 10. O-O Rc8 11. Bd2 Nd7 12. Rac1 Nc5 13. b3 a6 14. Rfd1 h6 15. Nd5 a5 16. Bc3 Bxc3 17. Nxc3 Kh7 18. e5 a4 19. Nb5 axb3 20. axb3 Qb6 21. exd6 exd6 22. Nxd6 Rcd8 23. Ne4 Nd7 24. Qc3 Bf5 25.
Nd6 Be6 26. Ne4 Bf5 27. Rxd7 Bxe4 28. Rcd1 Rde8 29. c5 Qa5 30. Qf6 Nd8 31. Bc4 Kg8 32.
Ne5 Rxe5 33. Rxd8 Rf5 34. Bxf7+ 1-0

[Event "Early-Titled-Tuesday-Blitz-November-28-2023"]
[Site "Chess.com"]
[Date "2023.11.28"]
[Round "5"]
[White "koncheto"]
[Black "DDTerziev04"]
[Result "1-0"]
[WhiteElo "2527"]
[BlackElo "2136"]
[TimeControl "180+1"]
[EndTime "8:56:59 PST"]
[Termination "koncheto won on time"]

1. e4 g6 2. d4 Bg7 3. c3 d6 4.
Bd3 Nf6 5. f4 O-O 6. Nf3 Nbd7 7.
e5 Ne8 8. O-O c5 9. Be3 cxd4 10.
cxd4 e6 11. Nc3 Nb6 12. Qe2 Nd5 13. Nxd5 exd5 14. Rac1 dxe5 15. dxe5 Nc7 16. Bc5 Re8 17. Nd4 Ne6 18. Nxe6 fxe6 19. Bd6 Qb6+ 20. Kh1 Bf8 21. Bb5 Bxd6 22. Bxe8 Bc5 23. h4 Qd8 24. Rxc5 Qxe8 25.
Qb5 Qe7 26. g3 Qd8 27. Rfc1 a6 28. Qb4 Bd7 29. Qxb7 Bb5 30. Rc7 Rb8 31. Rg7+ 1-0

[Event "Early-Titled-Tuesday-Blitz-November-28-2023"]
[Site "Chess.com"]
[Date "2023.11.28"]
[Round "5"]
[White "AndresDelgado77"]
[Black "muthaiahchess"]
[Result "1-0"]
[WhiteElo "2282"]
[BlackElo "2478"]
[TimeControl "180+1"]
[EndTime "8:57:05 PST"]
[Termination "AndresDelgado77 won on time"]

1. e4 c5 2. Nf3 d6 3. d4 cxd4 4.
Qxd4 Nc6 5. Bb5 Bd7 6. Qd3 Nf6 7. Nc3 h6 8. Bf4 a6 9. Ba4 e5 10. Be3 Be7 11. O-O-O O-O 12. Nd5 Nxd5 13. exd5 Na7 14. Bxd7 Qxd7 15. g4 Qxg4 16. Bxh6 e4 17. Rhg1 Qxf3 18.
Rxg7+ Kh8 19. Qd2 Bf6 20. Rg3 Qf5 21. Bxf8 Rxf8 22. Qh6+ 1-0

[Event "Early-Titled-Tuesday-Blitz-November-28-2023"]
[Site "Chess.com"]
[Date "2023.11.28"]
[Round "5"]
[White "spotbet"]
[Black "betta2004"]
[Result "1-0"]
[WhiteElo "2440"]
[BlackElo "2572"]
[TimeControl "180+1"]
[EndTime "8:57:06 PST"]
[Termination "spotbet won by resignation"]

1. e4 e5 2. f4 exf4 3. Bc4 Qh4+ 4. Kf1 Nc6 5. Nf3 Qh5 6. Nc3 Bc5 7. Nd5 Bb6 8. d4 Nge7 9. Nxf4 Qh6 10. c3 g5 11. Nd5 f6 12. h4 Nxd5 13. exd5 Ne7 14. d6 cxd6 15. Rh2 d5 16. hxg5 Qg6 17. Bd3 Qf7 18.
gxf6 Qxf6 19. Bg5 Qd6 20. Ne5 O-O+ 21. Kg1 Qxe5 22. Bxh7+ Kf7 23. Qh5+ Ke6 24. Qh6+ Rf6 25. Bxf6 Qxf6 26. Re1+ Kf7 27. Rf1 Qxf1+ 28. Kxf1 d6 29. Qh5+ Ke6 30. Qh3+ Kf7 31. Qf3+ Ke8 32. Rh6 Bc7 33. Bd3 a6 34. Rh8+ Kd7 35. Bf5+ Kc6 36.
Bxc8 Nxc8 37. c4 Kb6 38. Qxd5 Ne7 39. c5+ Ka5 40. b4+ Kb5 41. a4+ Kxb4 42. Qxb7+ 1-0

[Event "Early-Titled-Tuesday-Blitz-November-28-2023"]
[Site "Chess.com"]
[Date "2023.11.28"]
[Round "5"]
[White "twitchTriniCupid"]
[Black "Pasmendjambvirgulptipon98"]
[Result "0-1"]
[WhiteElo "2363"]
[BlackElo "2221"]
[TimeControl "180+1"]
[EndTime "8:57:09 PST"]
[Termination "Pasmendjambvirgulptipon98 won by checkmate"]

1. d4 d5 2. Nf3 Nf6 3. g3 Bf5 4. Bg2 e6 5. c4 c6 6. Qb3 Qb6 7.
Nc3 Nbd7 8. O-O Be7 9. c5 Qc7 10.
Bf4 Qc8 11. h3 h6 12. Rac1 Nh5 13. Be3 Bh7 14. Rfd1 Qc7 15. g4 Nhf6 16. Ne5 Nxe5 17.
dxe5 Nd7 18. Na4 h5 19. f4 hxg4 20. hxg4 f6 21. exf6 gxf6 22. Qc3 e5 23. Qd2 Rg8 24.
g5 fxg5 25. fxe5 Nxe5 26. Bd4 Ng4 27. Kf1 Rf8+ 28. Bf3 Qg3 29. Qe3 Nh2# 0-1

[Event "Early-Titled-Tuesday-Blitz-November-28-2023"]
[Site "Chess.com"]
[Date "2023.11.28"]
[Round "5"]
[White "MikeSailer"]
[Black "Lion-Al-Messi"]
[Result "0-1"]
[WhiteElo "2063"]
[BlackElo "2641"]
[TimeControl "180+1"]
[EndTime "8:57:11 PST"]
[Termination "Lion-Al-Messi won on time"]

1. d4 Nf6 2. Bg5 b6 3. Nf3 Bb7 4. e3 e6 5. Nbd2 h6 6. Bh4 g5 7. Bg3 c5 8. c3 Bg7 9. h3 Nc6 10. Bd3 Qe7 11. Qe2 d6 12. Ba6 Bxa6 13. Qxa6 O-O 14. O-O Nd5 15. e4 Nc7 16. Qd3 d5 17. e5 Rac8 18. Nh2 cxd4 19. cxd4 Nb4 20. Qb3 Nb5 21. a3 Nxd4 22. Qxb4 Qxb4 23. axb4 Ne2+ 24.
Kh1 Nxg3+ 25. fxg3 Bxe5 26. Ng4 Bxb2 27. Rxa7 Kg7 28.
Nf3 Ra8 29. Rb7 Rab8 30. Ra7 Ra8 31. Rb7 Rab8 32. Ra7 h5 33. Nge5 Kg8 34. Nd7 Ra8 35. Rb7 Rfd8 36. Nxg5 Ra1 37. Rxa1 Bxa1 38. Nf6+ Bxf6 39.
Nxf7 Ra8 40. Nd6 d4 41. Ne4 Be5 42. Kh2 h4 0-1

[Event "Early-Titled-Tuesday-Blitz-November-28-2023"]
[Site "Chess.com"]
[Date "2023.11.28"]
[Round "5"]
[White "Alexei_Gubajdullin"]
[Black "MelihKaanCan"]
[Result "1-0"]
[WhiteElo "2679"]
[BlackElo "2438"]
[TimeControl "180+1"]
[EndTime "8:57:12 PST"]
[Termination "Alexei_Gubajdullin won by resignation"]

1. d4 Nf6 2. Nf3 c5 3. c3 d5 4.
Bf4 Nc6 5. e3 Qb6 6. Qb3 c4 7. Qc2 Bf5 8. Qc1 e6 9. Nbd2 Qd8 10.
Be2 Bd6 11. Bd1 h6 12. Bc2 O-O 13. Bxf5 exf5 14. Bxd6 Qxd6 15. Qc2 Ne4 16. b4 a5 17.
b5 Na7 18. a4 Nc8 19. O-O Nb6 20. Ne5 f6 21. Ng6 Rfe8 22. h4 Kh7 23. h5 Nd7 24. Nf3 Nf8 25. Nfh4 Nxg6 26. hxg6+ Kg8 27. Nxf5 Qe6 28.
g4 h5 29. f3 Nd6 30. e4 dxe4 31. fxe4 hxg4 32. Qh2 Nxf5 33. exf5 Qe3+ 34. Rf2 Qh6 35. Qc7 g3 36. Qxc4+ Kh8 37. Re2 Rxe2 38. Qxe2 Qf4 39. Rf1 Qh4 40. Re1 Qh2+ 41. Qxh2+ gxh2+ 42. Kxh2 1-0

[Event "Early-Titled-Tuesday-Blitz-November-28-2023"]
[Site "Chess.com"]
[Date "2023.11.28"]
[Round "5"]
[White "Savagelittlemole"]
[Black "GoValya"]
[Result "1-0"]
[WhiteElo "2483"]
[BlackElo "2221"]
[TimeControl "180+1"]
[EndTime "8:57:12 PST"]
[Termination "Savagelittlemole won by resignation"]

1. e4 e6 2. d4 d5 3. Nd2 c5 4. exd5 exd5 5. Ngf3 Nf6 6. Bb5+ Bd7 7. Qe2+ Be7 8. O-O O-O 9. dxc5 Bxc5 10. Nb3 Bb6 11. Bxd7 Nbxd7 12. c3 Ne4 13. Be3 Re8 14. Rfe1 Bxe3 15.
Qxe3 Nb6 16. Nfd2 Nxd2 17. Qxd2 Rxe1+ 18. Rxe1 Nc4 19. Qe2 h6 20. h3 Qb6 21. Rd1 Rd8 22.
Rd4 a5 23. Rg4 a4 24. Nd4 Qxb2 25. Qe7 Rf8 26. Ne6 Qc1+ 27. Kh2 Qxc3 28. Qxf8+ Kh7 29. Rxg7+ 1-0

[Event "Early-Titled-Tuesday-Blitz-November-28-2023"]
[Site "Chess.com"]
[Date "2023.11.28"]
[Round "5"]
[White "maurovargas01"]
[Black "LuisFSiles"]
[Result "0-1"]
[WhiteElo "1856"]
[BlackElo "2333"]
[TimeControl "180+1"]
[EndTime "8:57:12 PST"]
[Termination "LuisFSiles won on time"]

1. e4 c5 2. Nc3 g6 3. f4 Bg7 4.
Nf3 Nc6 5. d3 d6 6. h3 Nf6 7. g4 b6 8. Bg2 Bb7 9. O-O O-O 10. Nd5 Nd7 11. c3 e6 12. Ne3 Qc7 13.
f5 exf5 14. gxf5 Nf6 15. Qe1 Ne5 16. Qe2 Rae8 17. Bd2 d5 18. exd5 Nxd5 19. d4 Nf4 20. Qf2 Ned3 21. Qh4 Nxg2 22. Kxg2 Re4 23. Ng4 h5 24.
Rae1 hxg4 25. hxg4 Nxe1+ 26. Bxe1 gxf5 27. gxf5 Rxh4 0-1

[Event "Early-Titled-Tuesday-Blitz-November-28-2023"]
[Site "Chess.com"]
[Date "2023.11.28"]
[Round "5"]
[White "Khromkin"]
[Black "Wizard_97"]
[Result "0-1"]
[WhiteElo "2487"]
[BlackElo "2647"]
[TimeControl "180+1"]
[EndTime "8:57:13 PST"]
[Termination "Wizard_97 won on time"]

1. d4 Nf6 2. c4 e6 3. Nf3 b6 4. g3 Bb7 5. Bg2 Be7 6. O-O O-O 7.
Qc2 d5 8. Ne5 Na6 9. Nc3 c5 10.
cxd5 exd5 11. dxc5 Nxc5 12. Rd1 Rc8 13. Be3 Nce4 14.
Bd4 Nxc3 15. Bxc3 Qc7 16. Qf5 Rfd8 17. Ng4 Nxg4 18. Qxg4 Bf8 19. Bf6 Re8 20. Bxd5 Bxd5 21. Rxd5 Qc6 22. Rf5 Re4 23. Rf4 Rxf4 24. gxf4 h5 25.
Qxh5 Qxf6 26. e3 Qxb2 27. Rd1 Rc1 28. Rxc1 Qxc1+ 29. Kg2 Qc6+ 30. Kg3 Qg6+ 31. Qxg6 fxg6 32. Kf3 b5 33. Ke4 b4 34. Kd5 a5 35. h3 a4 36.
Kc4 Kf7 37. e4 Kf6 38. h4 Ke6 39. f3 Kf6 40. Kd3 Kf7 41. Kc4 Ke8 42. Kd3 Bd6 43.
Kc4 Kd7 0-1

[Event "Early-Titled-Tuesday-Blitz-November-28-2023"]
[Site "Chess.com"]
[Date "2023.11.28"]
[Round "5"]
[White "deribas12345"]
[Black "GMJustin"]
[Result "1-0"]
[WhiteElo "2541"]
[BlackElo "2284"]
[TimeControl "180+1"]
[EndTime "8:57:13 PST"]
[Termination "deribas12345 won on time"]

1. d4 Nf6 2. c4 g6 3. Nc3 Bg7 4. e4 d6 5. Nge2 O-O 6. Ng3 c5 7. d5 e6 8. Be2 exd5 9. cxd5 Na6 10.
O-O Nc7 11. a4 Re8 12. f4 h5 13. e5 dxe5 14. d6 exf4 15. dxc7 Qxd1 16. Rxd1 fxg3 17. Bg5 Ng4 18. Bb5 gxh2+ 19. Kh1 Nf2+ 20. Kxh2 Nxd1 21. Rxd1 Be5+ 22. g3 Bg4 23. Rd8 Bxc7 24. Rxe8+ 1-0

[Event "Early-Titled-Tuesday-Blitz-November-28-2023"]
[Site "Chess.com"]
[Date "2023.11.28"]
[Round "5"]
[White "luckyswitchback"]
[Black "Sychev_on_YouTube"]
[Result "0-1"]
[WhiteElo "2786"]
[BlackElo "2926"]
[TimeControl "180+1"]
[EndTime "8:57:14 PST"]
[Termination "Sychev_on_YouTube won by resignation"]

1. e4 e5 2. Nf3 Nc6 3. Bb5 a6 4. Ba4 f5 5. d4 exd4 6. Nxd4 Nxd4 7. Qxd4 c5 8. Qe5+ Qe7 9. Qxe7+ Bxe7 10. c4 fxe4 11.
Nc3 Nf6 12. Bc2 b5 13. cxb5 axb5 14. Nxe4 Bb7 15. Nxf6+ Bxf6 16. O-O O-O 17. a4 Bc6 18. Be3 bxa4 19. Bxc5 Rfb8 20. Ba3 Bxb2 21. Ra2 Bxa3 22. Rxa3 Rb2 23. Bd3 Rf8 24. f3 Rfb8 25. Rc1 g6 26.
Rxc6 dxc6 27. Rxa4 Rd8 28. Bc4+ Kh8 29. Ra1 Rdd2 30.
Bf1 c5 31. Rc1 Rbc2 32. Re1 c4 33. h4 Rd4 34. h5 gxh5 35. Kh2 h4 36. Kh3 c3 37.
Ra1 Rcd2 0-1

[Event "Early-Titled-Tuesday-Blitz-November-28-2023"]
[Site "Chess.com"]
[Date "2023.11.28"]
[Round "5"]
[White "TimGrutter03"]
[Black "sofaceindisguise"]
[Result "0-1"]
[WhiteElo "2579"]
[BlackElo "2809"]
[TimeControl "180+1"]
[EndTime "8:57:14 PST"]
[Termination "sofaceindisguise won on time"]

1. b3 a5 2. a4 d5 3. Bb2 c6 4. Nf3 Bg4 5. Ne5 Bh5 6. h4 Nd7 7. g4 Nxe5 8. gxh5 Nd7 9. d3 h6 10. Nc3 Ngf6 11. e4 e6 12. f4 Bb4 13. e5 d4 14.
exf6 dxc3 15. Bc1 Qxf6 16. Be3 O-O 17. Qg4 Bc5 18. Qg3 Bxe3 19. Qxe3 b5 20. Bg2 Ra6 21.
axb5 cxb5 22. Bb7 Rb6 23. Be4 a4 24. bxa4 bxa4 25. Rxa4 Rb1+ 26. Ke2 Rxh1 27. Bxh1 Qxh4 28. Bf3 Nf6 29. Qf2 Qh3 30. Rc4 Nd5 31. Bxd5 exd5 32. Rxc3 Qxh5+ 33. Kd2 d4 34. Qxd4 Re8 35. Kc1 Re1+ 36.
Kb2 Qd1 37. Qd8+ Kh7 38. Ra3 Qc1+ 39. Kb3 Qxf4 40. Qd6 Qxd6 0-1

[Event "Early-Titled-Tuesday-Blitz-November-28-2023"]
[Site "Chess.com"]
[Date "2023.11.28"]
[Round "5"]
[White "Jamal-Jamal-Jamal"]
[Black "pinguino120"]
[Result "1-0"]
[WhiteElo "2488"]
[BlackElo "2284"]
[TimeControl "180+1"]
[EndTime "8:57:14 PST"]
[Termination "Jamal-Jamal-Jamal won by resignation"]

1. d4 Nf6 2. c4 e6 3. Nf3 Bb4+ 4. Bd2 a5 5. Nc3 d6 6. g3 Nbd7 7. Bg2 O-O 8. O-O e5 9. Qc2 exd4 10. Nxd4 Bc5 11.
Nb3 Bb6 12. Na4 Ba7 13. Nxa5 c6 14. Rad1 Re8 15. e3 Nb6 16. Nc3 Bg4 17. Rc1 Qe7 18. h3 Bh5 19. b3 Bg6 20. Qb2 Rad8 21. Ne2 h6 22. Nf4 Bh7 23. Bc3 Nbd7 24. Nxb7 Rb8 25. Na5 Ne5 26. Nxc6 Nxc6 27. Bxc6 Rec8 28. Nd5 Nxd5 29.
Bxd5 Qg5 30. h4 Qg4 31. Bd4 Bd3 32. Rfd1 Be2 33. Bxa7 Bxd1 34. Bxb8 Rxb8 35. Qd4 Qe2 36. Rxd1 1-0

[Event "Early-Titled-Tuesday-Blitz-November-28-2023"]
[Site "Chess.com"]
[Date "2023.11.28"]
[Round "5"]
[White "katharinareinecke"]
[Black "RamonManon0g"]
[Result "0-1"]
[WhiteElo "1991"]
[BlackElo "2338"]
[TimeControl "180+1"]
[EndTime "8:57:16 PST"]
[Termination "RamonManon0g won by resignation"]

1. d4 Nf6 2. c4 g6 3. Nf3 d5 4.
cxd5 Nxd5 5. g3 Bg7 6. Bg2 O-O 7. O-O c6 8. e3 Nd7 9. Nh4 N7f6 10. f4 Bg4 11.
Nf3 Qb6 12. h3 Bf5 13. Nc3 Nxc3 14. bxc3 Ne4 15. Bd2 Nxg3 16. Re1 Rfd8 17. Ne5 Be4 18. c4 Bxg2 19. Kxg2 Nf5 20. c5 Qc7 21. Rb1 b6 22. Qb3 e6 23. cxb6 axb6 24. Qxb6 Bxe5 25. fxe5 Qxb6 26. Rxb6 Rxa2 27. Re2 Nxe3+ 28. Kf3 Rxd2 29. Rxd2 Nc4 30. Rdb2 Nxb2 31. Rxb2 Rxd4 32. Rc2 Rd5 33. Ke4 c5 34. h4 Kg7 35. h5 Kh6 36. hxg6 hxg6 37.
Rh2+ Kg5 38. Rh7 Rd7 39. Rh2 c4 40. Rg2+ Kh4 41. Rh2+ Kg3 42. Rc2 Rc7 43. Rc3+ Kg4 44. Kd4 Kf4 45. Rc2 c3 46. Rf2+ Kg3 47. Rc2 Kf3 48. Kd3 Rd7+ 49. Kc4 Rc7+ 50. Kd3 g5 51. Rxc3 Rxc3+ 52. Kxc3 g4 53. Kd4 g3 54. Kc5 g2 55.
Kd6 g1=Q 56. Ke7 Ke4 57. Kxf7 Kxe5 58. Ke7 Qg7+ 0-1

[Event "Early-Titled-Tuesday-Blitz-November-28-2023"]
[Site "Chess.com"]
[Date "2023.11.28"]
[Round "5"]
[White "Crasmus"]
[Black "FischerKasparow"]
[Result "1-0"]
[WhiteElo "2266"]
[BlackElo "2079"]
[TimeControl "180+1"]
[EndTime "8:57:16 PST"]
[Termination "Crasmus won on time"]

1. c4 Nf6 2. g3 g6 3. Bg2 Bg7 4. Nc3 O-O 5. d3 d6 6. Bg5 h6 7.
Bd2 e5 8. Nf3 Nc6 9. O-O Be6 10.
Rb1 a5 11. a3 Qd7 12. b4 axb4 13. axb4 Bh3 14. b5 Ne7 15. Qb3 Kh7 16. Ra1 Rab8 17. Ra7 Nh5 18. Nd5 Bxg2 19. Kxg2 Nc8 20. Ra2 f5 21.
Bc3 Ne7 22. b6 Nxd5 23. cxd5 cxb6 24. Qxb6 e4 25. Nd4 exd3 26. e3 Nf6 27. Ne6 Ne8 28. Nxf8+ Bxf8 29. Qd4 Bg7 30. Qxd3 Bxc3 31. Qxc3 Rc8 32.
Qd4 1-0

[Event "Early-Titled-Tuesday-Blitz-November-28-2023"]
[Site "Chess.com"]
[Date "2023.11.28"]
[Round "5"]
[White "atbenina64"]
[Black "Herman-NY"]
[Result "1-0"]
[WhiteElo "2768"]
[BlackElo "2500"]
[TimeControl "180+1"]
[EndTime "8:57:19 PST"]
[Termination "atbenina64 won by resignation"]

1. c4 Nf6 2. Nc3 g6 3. e4 d6 4.
d4 Bg7 5. Be2 O-O 6. Be3 Nbd7 7.
Nf3 e5 8. O-O Ng4 9. Bg5 f6 10.
Bc1 Nh6 11. Rb1 Nf7 12. b4 a5 13. b5 b6 14. Be3 Kh8 15. Qc2 Bh6 16. Nd5 Bxe3 17.
fxe3 Bb7 18. Rf2 Nh6 19. h3 Rc8 20. Bd3 Bxd5 21. cxd5 f5 22. exf5 gxf5 23. dxe5 dxe5 24. Nd2 e4 25. Bf1 Qg5 26. Qc3+ Rf6 27. d6 Nc5 28. Nc4 cxd6 29. Nxb6 Re8 30. Nd5 Re5 31. Nxf6 Qxf6 32. b6 Nb7 33. Qc8+ 1-0

[Event "Early-Titled-Tuesday-Blitz-November-28-2023"]
[Site "Chess.com"]
[Date "2023.11.28"]
[Round "5"]
[White "InitiatingASC"]
[Black "losersgame"]
[Result "0-1"]
[WhiteElo "2329"]
[BlackElo "2547"]
[TimeControl "180+1"]
[EndTime "8:57:19 PST"]
[Termination "losersgame won by resignation"]

1. d4 Nf6 2. c4 Nc6 3. Nc3 e5 4. dxe5 Nxe5 5. e3 Bc5 6. Nf3 Ng6 7. Bd3 d6 8. b4 Bb6 9. Bb2 O-O 10. Na4 Ng4 11.
Nxb6 axb6 12. h4 N6e5 13. Nxe5 dxe5 14. Qc2 h5 15. O-O-O Qe7 16. a3 Bd7 17. Qc3 Nxf2 18. Rhf1 Nxd1 19. Rxd1 Bg4 20. Rf1 Rfd8 21. Bb1 Rd7 22.
Qc2 g6 23. Qe4 Rad8 24. Bxe5 Rd1+ 25. Rxd1 Rxd1+ 26. Kb2 Rxb1+ 27. Kxb1 Bf5 0-1

[Event "Early-Titled-Tuesday-Blitz-November-28-2023"]
[Site "Chess.com"]
[Date "2023.11.28"]
[Round "5"]
[White "stasOR4ik"]
[Black "Alen_Yeremyann"]
[Result "0-1"]
[WhiteElo "2509"]
[BlackElo "2781"]
[TimeControl "180+1"]
[EndTime "8:57:20 PST"]
[Termination "Alen_Yeremyann won by checkmate"]

1. e4 Nf6 2. e5 Nd5 3. Nf3 d6 4. d4 Nb6 5. c3 g6 6. Bf4 Bg7 7. Nbd2 O-O 8. h4 Bg4 9. Be2 Nc6 10. h5 dxe5 11. Nxe5 Nxe5 12. Bxe5 Bxe2 13. Qxe2 Nd5 14. Bxg7 Kxg7 15. O-O-O Qd6 16. Rh3 Nf4 17. Qg4 Nxh3 18. Qxh3 Qf4 19. Rh1 g5 20. h6+ Kh8 21. g4 f6 22. Re1 Rfe8 23. Re6 Qxf2 24. Ne4 Qe1+ 25.
Kc2 Qe2+ 26. Kc1 Qc4 27. Nc5 b6 28. Qh5 bxc5 29. Qf7 Rg8 30. Qxe7 Qf1+ 31. Kc2 cxd4 32. Rxf6 d3+ 33. Kb3 Rab8+ 34. Ka3 Qe2 35. Re6 Qxb2+ 36. Ka4 Qxa2+ 37. Qa3 Qc4+ 38. Ka5 Qb5# 0-1

[Event "Early-Titled-Tuesday-Blitz-November-28-2023"]
[Site "Chess.com"]
[Date "2023.11.28"]
[Round "5"]
[White "bazar-wokzal"]
[Black "nindjaxx8"]
[Result "1-0"]
[WhiteElo "2626"]
[BlackElo "2458"]
[TimeControl "180+1"]
[EndTime "8:57:22 PST"]
[Termination "bazar-wokzal won on time"]

1. e4 e6 2. d4 d5 3. e5 c5 4.
c3 Nc6 5. Nf3 Qb6 6. Be2 cxd4 7.
cxd4 Nge7 8. Na3 Nf5 9. Nc2 Bb4+ 10. Kf1 Be7 11. h4 h5 12. Rb1 a5 13. b3 Bd7 14. g3 O-O-O 15. Kg2 Nb4 16. Ne3 Kb8 17.
Nxf5 exf5 18. a3 Nc6 19. b4 axb4 20. axb4 f4 21. Bxf4 Bf5 22. Bd3 Be4 23. e6+ Bd6 24.
Bxd6+ Rxd6 25. exf7 Rf8 26. Bxe4 dxe4 27. Ng5 Nxd4 28.
Qxh5 Qc6 29. Rhc1 Qd5 30. Rc5 Qa2 31. Nxe4 Re6 32. Rbc1 1-0

[Event "Early-Titled-Tuesday-Blitz-November-28-2023"]
[Site "Chess.com"]
[Date "2023.11.28"]
[Round "5"]
[White "IljaZaragatski"]
[Black "Cayse"]
[Result "0-1"]
[WhiteElo "2635"]
[BlackElo "2859"]
[TimeControl "180+1"]
[EndTime "8:57:23 PST"]
[Termination "Cayse won on time"]

1. g3 d5 2. Nf3 c5 3. Bg2 g6 4. c4 d4 5. b4 cxb4 6. a3 bxa3 7. Bxa3 Bg7 8. d3 Nf6 9. Qa4+ Bd7 10. Qb3 Bc6 11.
O-O O-O 12. Nbd2 Re8 13. Rfb1 e5 14. Ng5 h6 15. Nge4 Nxe4 16. Nxe4 b6 17. c5 bxc5 18. Nxc5 Bxg2 19. Kxg2 Nd7 20. Nb7 Qf6 21. Nd6 Reb8 22. Qd5 Nb6 23. Qe4 Qe6 24. Bc5 Nd7 25. Ba3 Bf8 26.
Nb7 Rc8 27. Bxf8 Kxf8 28. Ra5 a6 29. Rd5 Nf6 30. Qxe5 Qxd5+ 31. Qxd5 Nxd5 0-1